 Dungeon Crawl Stone Soup version 0.25-a0-424-g80bd347 (webtiles) character file.

Game seed: 12651325153073851460, levelgen mode: deterministic

30070 AngryBottledMilk the Severer (level 13, -9/122 HPs)
             Began as a Minotaur Berserker on Jan 21, 2020.
             Was a High Priest of Trog.
             Killed from afar by a deep elf death mage (18 damage)
             ... with a bolt of negative energy
             ... on level 1 of the Elven Halls.
             The game lasted 00:39:53 (11334 turns).

AngryBottledMilk the Severer (Minotaur Berserker)  Turns: 11334, Time: 00:39:54

Health: -9/122     AC: 23    Str: 26    XL:     13   Next: 18%
Magic:  10/12      EV: 13    Int:  8    God:    Trog [*****.]
Gold:   1064       SH:  0    Dex: 11    Spells: 12/12 levels left

rFire    . . .     SeeInvis .   L - +9 broad axe "Hellblazer" {vorpal, Int+4}
rCold    . . .     Gourm    .   (no shield)
rNeg     + . .     Faith    .   E - +0 pearl dragon scales
rPois    .         Spirit   .   (helmet restricted)
rElec    .         Reflect  .   A - +2 cloak {+Inv}
rCorr    .         Harm     .   C - +1 pair of gloves
MR       +....                  P - +1 pair of boots
Stlth    +.........             q - amulet of regeneration
HPRegen  0.70/turn              w - ring of protection from magic
MPRegen  0.13/turn              s - ring of stealth

@: berserk cooldown, very slightly contaminated, slowed, lightly drained,
invisible, very slow
A: retaliatory headbutt, horns 2
a: Berserk, Trog's Hand, Brothers in Arms, Renounce Religion


You were on level 1 of the Elven Halls.
You worshipped Trog.
Trog was extremely pleased with you.
You were very hungry.

You visited 3 branches of the dungeon, and saw 13 of its levels.

You collected 1611 gold pieces.
You spent 547 gold pieces at shops.

Inventory:

Hand Weapons
 L - the +9 broad axe "Hellblazer" (weapon) {vorpal, Int+4}
   (Trog gifted it to you on level 10 of the Dungeon)

   It inflicts extra damage upon your enemies.
   It affects your intelligence (+4).
Missiles
 f - 32 boomerangs
 h - 61 poisoned darts (quivered)
 o - a throwing net
 F - 7 javelins
Armour
 A - a +2 cloak of invisibility (worn)
 C - a +1 pair of gloves (worn)
 E - +0 pearl dragon scales (worn)
 P - a +1 pair of boots (worn)
Jewellery
 q - an amulet of regeneration (around neck)
 s - a ring of stealth (right hand)
 w - a ring of protection from magic (left hand)
Wands
 n - a wand of polymorph (3)
 G - a wand of scattershot (4)
 J - a wand of flame (12)
 N - a wand of iceblast (6)
 S - a wand of enslavement (12)
Scrolls
 a - a scroll of fog {unknown}
 g - 2 scrolls of fear
 k - a scroll of vulnerability {unknown}
 l - 5 scrolls of remove curse
 m - 3 scrolls of noise
 r - 7 scrolls of teleportation
 t - 4 scrolls of amnesia
 v - a scroll of immolation {unknown}
 x - 3 scrolls of enchant weapon {unknown}
 y - 2 scrolls of enchant armour {unknown}
 K - a scroll of magic mapping {unknown}
 M - 7 scrolls of identify
 Q - a scroll of blinking
Potions
 b - 3 potions of might
 d - 2 potions of invisibility {unknown}
 e - a potion of degeneration {unknown}
 i - a potion of agility
 j - 10 potions of curing {unknown}
 p - a potion of ambrosia {unknown}
 u - a potion of resistance
 z - 2 potions of heal wounds {unknown}
 B - 3 potions of flight {unknown}
 D - 2 potions of lignification {unknown}
 I - a potion of brilliance {unknown}
 O - 2 potions of berserk rage {unknown}
 R - 2 potions of cancellation {unknown}
 T - a potion of haste {unknown}
Comestibles
 c - 6 rations
 H - a chunk of flesh


   Skills:
 + Level 13.1(12.7) Fighting
 + Level 17.5(17.0) Axes
 + Level 1.3(1.0) Throwing
 + Level 11.5(11.1) Armour
 + Level 8.0(7.6) Dodging
 + Level 3.3(3.0) Stealth
 + Level 1.1(0.8) Evocations


You had 12 spell levels left.
You didn't know any spells.
Your spell library was empty.

Dungeon Overview and Level Annotations

Branches:
Dungeon (10/15)            Temple (0/1) D:7             Orc (2/2) D:10
    Elf (1/3) Orc:2
   Lair: D:8-11

Altars:
Kikubaaqudgha
Okawaru
Vehumet
Beogh

Shops:
D:5 *   D:8 }   D:10 %   Orc:2 [:?(

Annotations:
D:5 3 runed translucent doors, splotch's ghost, novice SpEn


Innate Abilities, Weirdness & Mutations

You reflexively headbutt those who attack you in melee.
You have a pair of horns on your head.


Message History

The deep elf mage points at you and mumbles some strange words.
The bolt of lightning hits you!!
* * * LOW HITPOINT WARNING * * *
Things that are here:
a +0 long sword; a +0 ring mail; an elf corpse The deep elf death mage hits you but does no damage.
Things that are here:
a +0 short sword; a +0 scale mail; an elf corpse You fade into invisibility!
You are very lightly contaminated with residual magic.
You feel quite a bit more hungry.
The deep elf death mage hits you but does no damage.
The deep elf mage closely misses you. You furiously retaliate!
You headbutt the deep elf mage.
The deep elf death mage hits you with a +0 long sword.
* * * LOW HITPOINT WARNING * * *
You see here a +0 long sword.
The deep elf death mage gestures at you while chanting.
The bolt of negative energy hits you!! You partially resist.
You feel drained.
You die...

## ###.. # ##.. .# ..
#.. ..#... ##.##....ยง.
#+# #......#
#.#####.e...#
#..))#))##..# #.##)@e.#
..... #.####).# e.#....
#.# ##...#.# ..# ###'###
#...#.. ## #
+#.....#+##..##.. ####
##.......###......
'..#####..........##....
...'...+...........+###.
#..#####.........###


You could see a deep elf death mage and a deep elf mage.

Vanquished Creatures
  4 deep elf death magi (Elf:1)
  Erica (D:8)
  3 ogre magi (Orc:2)
  A dancing weapon (Elf:1)
  4 two-headed ogres
  A deep elf knight (Elf:1)
  An orc knight (Orc:2)
  9 orc sorcerers
  12 deep elf magi
  A centaur zombie (D:10)
  Maurice (D:8)
  Maggie (D:9)
  Psyche (D:8)
  6 trolls
  Prince Ribbit (D:8)
  2 hippogriffs
  6 yaks (D:10)
  A spriggan (D:10)
  A hungry ghost (D:8)
  Menkaure (D:7)
  2 wargs (Orc:2)
  A water moccasin (D:10)
  19 orc warriors
  2 sky beasts
  3 phantoms
  An ice beast (D:9)
  11 ogres
  3 centaurs
  2 bullfrogs
  A big kobold (D:10)
  A gnoll sergeant (D:10)
  A wyvern zombie (D:10)
  A water moccasin skeleton (D:4)
  18 killer bees
  9 wights
  2 howler monkeys (D:7)
  2 crimson imps
  A hound (D:8)
  2 jellies (D:6)
  3 bullfrog zombies
  5 iguanas
  10 orc priests
  Crazy Yiuf (D:7)
  A bullfrog skeleton (D:5)
  2 centaur skeletons
  26 orc wizards
  5 worker ants
  A killer bee zombie (D:5)
  A hound skeleton (D:6)
  4 gnolls (D:10)
  A howler monkey skeleton (D:9)
  8 adders
  A shadow imp (D:7)
  An ooze (D:1)
  An adder skeleton (D:2)
  3 worms
  4 dart slugs (D:1)
  4 leopard geckos
  68 orcs
  3 giant cockroaches
  12 goblins
  7 hobgoblins
  13 jackals
  12 kobolds
  5 quokkas
  2 ball pythons
  A bat (D:2)
  6 frilled lizards
  11 rats
  A fungus (D:7)
363 creatures vanquished.

Vanquished Creatures (others)
  An orc wizard (Orc:2)
1 creature vanquished.

Grand Total: 364 creatures vanquished

Notes
Turn   | Place    | Note
-------+----------+-------------------------------------------
     0 | D:1      | AngryBottledMilk the Minotaur Berserker began the quest for
                  | the Orb.
     0 | D:1      | Reached XP level 1. HP: 19/19 MP: 0/0
   218 | D:1      | Reached skill level 4 in Axes
   218 | D:1      | Reached XP level 2. HP: 27/27 MP: 1/1
   286 | D:1      | Reached XP level 3. HP: 21/33 MP: 2/2
   490 | D:1      | Reached ** piety under Trog
  1866 | D:2      | Reached XP level 4. HP: 41/41 MP: 3/3
  2292 | D:3      | Reached skill level 5 in Axes
  3201 | D:4      | Reached XP level 5. HP: 47/47 MP: 4/4
  3362 | D:5      | Entered Level 5 of the Dungeon
  3390 | D:5      | Reached XP level 6. HP: 51/55 MP: 5/5
  3403 | D:5      | Reached skill level 5 in Fighting
  3413 | D:5      | Reached skill level 6 in Axes
  3495 | D:5      | Reached *** piety under Trog
  3574 | D:5      | Found a runed translucent gate.
  3574 | D:5      | Found a runed translucent gate.
  3574 | D:5      | Found a runed translucent gate.
  3586 | D:5      | Noticed splotch's ghost (novice SpEn)
  3682 | D:5      | Reached skill level 1 in Stealth
  3682 | D:5      | Reached XP level 7. HP: 58/61 MP: 6/6
  3730 | D:5      | Reached skill level 5 in Armour
  3736 | D:5      | Reached skill level 7 in Axes
  4000 | D:5      | Found Qenoleoh's Assorted Antiques.
  4012 | D:5      | Bought a pair of boots for 103 gold pieces
  4162 | D:6      | Reached skill level 8 in Axes
  4162 | D:6      | Reached XP level 8. HP: 63/70 MP: 7/7
  4386 | D:6      | Found an iron altar of Okawaru.
  4500 | D:6      | Reached skill level 9 in Axes
  4835 | D:7      | Noticed a two-headed ogre
  4847 | D:6      | Killed a two-headed ogre
  4847 | D:6      | Reached XP level 9. HP: 35/79 MP: 8/8
  4949 | D:6      | Reached **** piety under Trog
  4949 | D:6      | Reached skill level 10 in Axes
  5185 | D:7      | Noticed Menkaure
  5474 | D:7      | Found a staircase to the Ecumenical Temple.
  5563 | D:7      | Reached skill level 5 in Dodging
  5885 | D:7      | Killed Menkaure
  6054 | D:7      | Found a runed translucent door.
  6055 | D:7      | Noticed Crazy Yiuf
  6161 | D:7      | Killed Crazy Yiuf
  6369 | D:8      | Noticed Prince Ribbit
  6382 | D:8      | Killed Prince Ribbit
  6495 | D:8      | Noticed Psyche
  6569 | D:8      | Found Zibb's Gadget Emporium.
  6625 | D:8      | Killed Psyche
  6625 | D:8      | Reached skill level 11 in Axes
  6675 | D:8      | Noticed Maurice
  6695 | D:8      | Killed Maurice
  6823 | D:8      | Noticed Erica
  6845 | D:8      | Killed Erica
  6845 | D:8      | Reached XP level 10. HP: 85/90 MP: 9/9
  7083 | D:8      | Reached skill level 12 in Axes
  7135 | D:9      | Noticed Maggie
  7211 | D:9      | Noticed a two-headed ogre
  7213 | D:9      | Reached ***** piety under Trog
  7213 | D:9      | Received a gift from Trog
  7214 | D:9      | Found an ancient bone altar of Kikubaaqudgha.
  7239 | D:8      | Killed a two-headed ogre
  7383 | D:9      | Reached skill level 10 in Armour
  7547 | D:9      | Killed Maggie
  7667 | D:9      | Noticed a two-headed ogre
  7680 | D:9      | Killed a two-headed ogre
  7680 | D:9      | Reached skill level 13 in Axes
  7680 | D:9      | Reached skill level 1 in Throwing
  7860 | D:10     | Entered Level 10 of the Dungeon
  7890 | D:10     | Noticed a two-headed ogre
  7900 | D:10     | Reached XP level 11. HP: 98/99 MP: 10/10
  7912 | D:10     | Reached skill level 10 in Fighting
  7918 | D:10     | Killed a two-headed ogre
  7943 | D:10     | Found Boaf's Food Emporium.
  7968 | D:10     | Bought a ration for 60 gold pieces
  7968 | D:10     | Bought a ration for 60 gold pieces
  7968 | D:10     | Bought a ration for 60 gold pieces
  8428 | D:10     | Found a staircase to the Orcish Mines.
  8431 | D:10     | Reached skill level 14 in Axes
  8463 | D:10     | Found a roughly hewn altar of Beogh.
  8464 | D:10     | Received a gift from Trog
  8470 | D:10     | Got a twisted broad axe {god gift}
  8472 | D:10     | Identified the +9 broad axe "Hellblazer" {vorpal, Int+4}
                  | (Trog gifted it to you on level 10 of the Dungeon)
  8504 | Orc:1    | Entered Level 1 of the Orcish Mines
  8542 | Orc:1    | Noticed an orc sorcerer
  8566 | Orc:1    | Killed an orc sorcerer
  9332 | Orc:2    | Entered Level 2 of the Orcish Mines
  9363 | Orc:2    | Received a gift from Trog
  9508 | Orc:2    | Found a staircase to the Elven Halls.
  9511 | Orc:2    | Noticed an orc sorcerer
  9513 | Orc:2    | Noticed an orc knight
  9516 | Orc:2    | Noticed a sixfirhy
  9528 | Orc:2    | Killed an orc sorcerer
  9528 | Orc:2    | Reached skill level 15 in Axes
  9533 | Orc:2    | Killed an orc knight
  9599 | Orc:2    | Reached XP level 12. HP: 110/110 MP: 11/11
  9779 | Orc:2    | Noticed an ogre mage
  9789 | Orc:2    | Killed an ogre mage
  9789 | Orc:2    | Reached skill level 1 in Evocations
  9909 | Orc:2    | Found Ytewodd's Antique Armour Emporium.
 10013 | Orc:2    | Found an ancient bone altar of Kikubaaqudgha.
 10015 | Orc:2    | Noticed an ogre mage
 10026 | Orc:2    | Killed an ogre mage
 10043 | Orc:2    | Received a gift from Trog
 10148 | Orc:2    | Found Ricez's Book Emporium.
 10162 | Orc:2    | Found a radiant altar of Vehumet.
 10162 | Orc:2    | Noticed an ogre mage
 10182 | Orc:2    | Killed an ogre mage
 10182 | Orc:2    | Reached skill level 16 in Axes
 10211 | Orc:2    | Found a roughly hewn altar of Beogh.
 10211 | Orc:2    | Found Feq Vepa's Magic Scroll Emporium.
 10238 | Orc:2    | Found Raufoyle's Antique Weapon Shoppe.
 10306 | Orc:2    | Bought a scroll of identify for 32 gold pieces
 10306 | Orc:2    | Bought a scroll of identify for 32 gold pieces
 10306 | Orc:2    | Bought a scroll of identify for 32 gold pieces
 10306 | Orc:2    | Bought a scroll of teleportation for 48 gold pieces
 10306 | Orc:2    | Bought a scroll of blinking for 120 gold pieces
 10754 | Elf:1    | Entered Level 1 of the Elven Halls
 11113 | Elf:1    | Reached skill level 17 in Axes
 11273 | Elf:1    | Noticed a deep elf death mage
 11281 | Elf:1    | Noticed a deep elf death mage
 11290 | Elf:1    | Killed a deep elf death mage
 11292 | Elf:1    | Killed a deep elf death mage
 11295 | Elf:1    | Killed a ghostly deep elf death mage
 11295 | Elf:1    | Reached XP level 13. HP: 106/119 MP: 12/12
 11298 | Elf:1    | Received a gift from Trog
 11303 | Elf:1    | Noticed a deep elf death mage
 11318 | Elf:1    | Killed a deep elf death mage
 11319 | Elf:1    | Noticed a deep elf death mage
 11325 | Elf:1    | Killed a deep elf death mage
 11327 | Elf:1    | Noticed a deep elf death mage
 11334 | Elf:1    | Killed from afar by a deep elf death mage

Levels and vault maps discovered:
D:1:      psy_arrival_spokes, layout_basic, nrook_campfire, chequers_big_river,
          minivault_24, hex_intersection, minmay_pentomino_w4
D:2:      layout_basic
D:3:      layout_rooms
D:4:      layout_basic, first_ration
D:5:      layout_rooms, serial_shops, shop, gammafunk_ghost_necromancy
D:6:      layout_basic, supply_closet_lemuel, okawaru_ov_weapons_minmay
D:7:      layout_basic, minmay_temple_entry_glassed_door,
          uniq_crazy_yiuf_cottage, uniq_menkaure
D:8:      layout_gridville, serial_shops, nicolae_shop_behind_doors,
          uniq_maurice, uniq_prince_ribbit1, uniq_psyche, uniq_erica
D:9:      layout_big_octagon, kiku_gazebo_garden_becter, uniq_maggie
D:10:     layout_rooms, lair_entry_dummy, minmay_orc_entry_temple_small,
          serial_shops, shop, enter_bailey_3, grunt_pizzeria,
          roderic_malta_cross
Orc:1:    layout_diamond_mine, nicolae_orc_sculptors_studio, rock_pile
Orc:2:    kennysheep_orc_mage_school, layout_diamond_mine,
          nicolae_orc_tapped_out
Elf:1:    elf_arrival_002, layout_geoelf_octagon, minmay_elf_crystal_heptagon,
          lemuel_flamethrower_3, minmay_shop_grove

Skill      XL: |  1  2  3  4  5  6  7  8  9 10 11 12 13 |
---------------+----------------------------------------+-----
Axes           | 4 5 6 8 9 11 13 15 17 | 17.5
Fighting       | 4 5 6 7 8 9 11 12 13 | 13.1
Dodging        | 3 4 5 6 7 8 |  8.0
Armour         | 3 4 5 7 9 10 11 | 11.5
Stealth        | 1 2 3 |  3.3
Throwing       | 1 |  1.3
Evocations     | 1 |  1.1

Action                   |  1- 3 |  4- 6 |  7- 9 | 10-12 | 13-15 || total
-------------------------+-------+-------+-------+-------+-------++-------
Melee: Hand axe          |    89 |   144 |   313 |    76 |       ||   622
       Headbutt          |    10 |    29 |    56 |    86 |     9 ||   190
       Battleaxe         |       |       |       |   151 |       ||   151
       Broad axe         |       |       |       |   231 |    23 ||   254
Throw: Dart              |       |       |       |     7 |       ||     7
Invok: Berserk           |     1 |       |       |     6 |       ||     7
       Trog's Hand       |       |       |       |     1 |       ||     1
 Abil: Evoke Invisibilit |       |       |       |     1 |     1 ||     2
  Use: Potion            |       |       |     2 |     2 |       ||     4
       Scroll            |       |       |     7 |     1 |       ||     8
 Stab: Invisible         |       |       |       |     1 |       ||     1
       Sleeping          |       |       |       |     1 |       ||     1
  Eat: Ration            |     1 |     1 |     2 |     2 |       ||     6
       Chunk             |     1 |     2 |     3 |    16 |       ||    22
Armor: Animal skin       |     2 |       |       |       |       ||     2
       Ring mail         |    20 |    39 |     4 |       |       ||    63
       Pearl dragon scal |       |       |   141 |   294 |    16 ||   451
Dodge: Dodged            |    57 |    91 |   166 |   334 |    14 ||   662

Table legend:
 A = Non-vault XP
 B = Vault XP
 C = Vault XP percentage of total XP
 D = Non-vault monster count
 E = Vault monster count
 F = Vault count percentage of total count
                 A         B        C        D         E       F
            +---------+---------+-------+---------+---------+-------
      Total |   22855 |   20103 |  46.8 |     286 |      76 |  21.0
            +---------+---------+-------+---------+---------+-------
        D:1 |      46 |      27 |  37.0 |      27 |       8 |  22.9
        D:2 |      45 |       0 |   0.0 |      11 |       0 |   0.0
        D:3 |      38 |       0 |   0.0 |      13 |       0 |   0.0
        D:4 |     206 |       0 |   0.0 |       9 |       0 |   0.0
        D:5 |     821 |       0 |   0.0 |      21 |       0 |   0.0
        D:6 |    1901 |       0 |   0.0 |      22 |       0 |   0.0
        D:7 |     945 |     208 |  18.0 |      18 |       2 |  10.0
        D:8 |    1423 |    2044 |  59.0 |      18 |       4 |  18.2
        D:9 |    2531 |     428 |  14.5 |      28 |       1 |   3.4
       D:10 |    4919 |     352 |   6.7 |      44 |      13 |  22.8
      Orc:1 |    3337 |       9 |   0.3 |      44 |       3 |   6.4
      Orc:2 |    2642 |    8998 |  77.3 |      25 |      35 |  58.3
      Elf:1 |    4001 |    8037 |  66.8 |       6 |      10 |  62.5
            +---------+---------+-------+---------+---------+-------
